 Dungeon Crawl Stone Soup version 0.30-a0-305-g026cb31310 (webtiles) character file.

Game seed: 18329686631214831222

62202 mandarbmax the Slicer (level 15, -2/61 (71) HPs)
             Began as a Vine Stalker Fighter on Oct 23, 2022.
             Was the Champion of Hepliaklqana.
             Succumbed to a red devil's poison
             ... on level 5 of the Lair of Beasts.
             The game lasted 00:49:31 (16756 turns).

mandarbmax the Slicer (Vine Stalker Fighter)       Turns: 16756, Time: 00:49:32

HP:   -2/61 (71)    AC: 22    Str: 19    XL:     15   Next: 5%
MP:   0/19          EV: 13    Int:  8    God:    Hepliaklqana [******]
Gold: 722           SH:  6    Dex: 25    Spells: 14/14 levels left

rFire   + + +      SeeInvis .    g - +8 rapier of the Decaying God {chaos, *Noise rElec rF+}
rCold   + . .      Faith    .    c - +0 buckler
rNeg    + + +      Spirit   +    d - +3 chain mail {rF+}
rPois   +          Reflect  .    H - +0 helmet of the Endless Invaders {rElec Dex+4}
rElec   +          Harm     .    J - scarf {+Inv}
rCorr   .          Rampage  .    I - +2 pair of gloves {infuse}
Will    ++...                    W - +2 pair of boots "Papaymp" {Will+ Slay+3}
Stlth   +.........               y - amulet of regeneration
HPRegen 1.90/turn                m - ring "Ityplaim" {rF+ rC+}
MPRegen 0.16/turn                b - ring of Amorality {Contam Fly rPois rN+++ Stlth+}

@: lethally poisoned (-2 -> -9), spiked, flying, very slightly contaminated,
hasted, heavily drained, invisible, very quick
A: reduced essence, fangs 3, regeneration 1, magic shield, antimagic bite, no
potion heal 2
a: Renounce Religion, Evoke Invisibility, Recall Ancestor, Ancestor Identity,
Transference, Idealise


You were on level 5 of the Lair of Beasts.
You worshipped Hepliaklqana.
Hepliaklqana was exalted by your worship.
You visited 3 branches of the dungeon, and saw 18 of its levels.
You also visited: Ossuary and Gauntlet.

You collected 1480 gold pieces.
You spent 758 gold pieces at shops.

Inventory:

Hand Weapons
 a - a +2 rapier of venom
 g - the +8 rapier of the Decaying God (weapon) {chaos, *Noise rElec rF+}
   (You found it on level 4 of the Lair of Beasts)

   Each time it hits an enemy it has a different, random effect.
   rF:        It protects you from fire.
   rElec:     It insulates you from electricity.
   *Noise:    It may make noises in combat.
Missiles
 f - 18 boomerangs (quivered)
 h - 4 atropa-tipped darts
 n - 8 javelins
 u - 35 poisoned darts
 E - 7 silver javelins
 P - 5 curare-tipped darts
 V - a throwing net
Armour
 c - a +0 buckler (worn)
 d - a +3 chain mail of fire resistance (worn)
 H - the +0 helmet of the Endless Invaders (worn) {rElec Dex+4}
   (You bought it in a shop on level 11 of the Dungeon)

   Dex:       It affects your dexterity (+4).
   rElec:     It insulates you from electricity.
 I - a +2 pair of gloves of infusion (worn)
 J - a scarf of invisibility (worn)
 W - the +2 pair of boots "Papaymp" (worn) {Will+ Slay+3}
   (You found it on level 12 of the Dungeon)

   Slay:      It affects your accuracy & damage with ranged weapons and melee
   (+3).
   Will:      It increases your willpower.
Jewellery
 b - the ring of Amorality (right hand) {Contam Fly rPois rN+++ Stlth+}
   (You found it in a Gauntlet)

   [ring of flight]

   rPois:     It protects you from poison.
   rN:        It renders you almost immune to negative energy.
   Fly:       It grants you flight.
   Contam:    It causes magical contamination when unequipped.
   Stlth:     It makes you more stealthy.
 m - the ring "Ityplaim" (left hand) {rF+ rC+}
   (You found it on level 2 of the Dungeon)

   [ring of protection from cold]

   rF:        It protects you from fire.
   rC:        It protects you from cold.
 y - an amulet of regeneration (around neck)
 M - a ring of resist corrosion
Wands
 A - a wand of light (11)
 C - a wand of flame (41)
 R - a wand of charming (22)
 Y - a wand of mindburst (8)
Scrolls
 j - 2 scrolls of immolation
 l - 3 scrolls of vulnerability
 o - 6 scrolls of amnesia
 p - a scroll of torment
 v - a scroll of silence
 w - a scroll of identify
 x - 9 scrolls of teleportation
 B - 4 scrolls of fog
 L - a scroll of fear
 N - 3 scrolls of poison
 X - a scroll of magic mapping
 Z - a scroll of acquirement {unknown}
Potions
 e - a potion of flight
 i - 5 potions of mutation
 k - 5 potions of brilliance
 q - 6 potions of curing
 r - 2 potions of cancellation
 s - 2 potions of haste
 t - 2 potions of ambrosia
 z - 5 potions of magic
 O - 2 potions of invisibility {unknown}
 S - a potion of might
 U - 2 potions of lignification
Miscellaneous
 T - a box of beasts


   Skills:
 - Level 9.0 Fighting
 - Level 14.0 Short Blades
 + Level 9.3 Armour
 + Level 9.3 Dodging
 - Level 5.0 Stealth
 - Level 3.0 Shields
 - Level 5.0 Invocations
 - Level 10.0 Evocations


You had 14 spell levels left.
You didn't know any spells.
Your spell library contained the following spells:

 Spells                   Type           Power      Damage    Failure   Level
 Foxfire                  Conj/Fire      0%         2x1d4     99%         1
 Cigotuvi's Dreadful Rot  Necr/Pois/Air  0%         N/A       100%        2
 Poisonous Vapours        Pois/Air       0%         N/A       100%        2
 Call Canine Familiar     Summ           0%         N/A       100%        3
 Dazzling Flash           Conj/Hex       0%         N/A       100%        3
 Gell's Gravitas          Tloc           0%         N/A       100%        3
 Inner Flame              Hex/Fire       0%         N/A       100%        3
 Lesser Beckoning         Tloc           0%         N/A       100%        3
 Mephitic Cloud           Conj/Pois/Air  0%         N/A       100%        3
 Portal Projectile        Hex/Tloc       0%         N/A       100%        3
 Summon Guardian Golem    Hex/Summ       0%         N/A       100%        3
 Teleport Other           Tloc           0%         N/A       100%        3
 Animate Dead             Necr           0%         N/A       100%        4
 Cause Fear               Hex            0%         N/A       100%        4
 Flame Wave               Conj/Fire      0%         2d4       100%        4
 Iskenderun's Mystic Bla  Conj/Tloc      0%         2d3       100%        4
 Leda's Liquefaction      Hex/Erth       0%         N/A       100%        4
 Sticky Flame             Conj/Fire      0%         2d3       100%        4
 Summon Ice Beast         Ice/Summ       0%         N/A       100%        4
 Fireball                 Conj/Fire      0%         3d3       100%        5
 Summon Mana Viper        Hex/Summ       0%         N/A       100%        5
 Yara's Violent Unravell  Hex/Tmut       0%         3d3       100%        5
 Starburst                Conj/Fire      0%         6d3       100%        6
 Enfeeble                 Hex            0%         N/A       100%        7
 Haunt                    Necr/Summ      0%         N/A       100%        7
 Monstrous Menagerie      Summ           0%         N/A       100%        7
 Orb of Destruction       Conj           0%         9d5       100%        7
 Spellforged Servitor     Conj/Summ      0%         N/A       100%        7
 Discord                  Hex            0%         N/A       100%        8
 Infestation              Necr           0%         N/A       100%        8


Dungeon Overview and Level Annotations

Branches:
Dungeon (12/15)            Temple (1/1) D:6            Lair (5/5) D:10
  Swamp (0/4) Lair:3       Spider (0/4) Lair:2        Slime (0/5) Lair:5
    Orc (0/2) D:10        Ossuary (visited)         Gauntlet (visited)

Altars:
Ashenzari
Cheibriados
Dithmenos
Elyvilon
Fedhas
Gozag
Hepliaklqana
Kikubaaqudgha
Makhleb
Nemelex Xobeh
Okawaru
Qazlal
Ru
Sif Muna
Trog
Uskayaw
Vehumet
Wu Jian
Xom
Yredelemnul
Zin
The Shining One

Shops:
D:7 ([(=   D:11 [

Portals:
Trove: D:12 (give +3 shadow dragon scales)

Annotations:
Lair:5 3 runed translucent doors, garrulousMonolith's ghost, journeyman GrEE


Innate Abilities, Weirdness & Mutations

Your life essence is reduced to manifest your ancestor. (-10% HP)
You have razor-sharp teeth.
Your natural rate of healing is unusually fast.
When hurt, damage is shared between your health and your magic reserves.
Your bite disrupts and absorbs the magic of your enemies.
Potions cannot restore your health.


Message History

The barbs in your skin will harm you if you move.
Continue?
Okay, then.
You feel yourself speed up.
The hell hound bites you but does no damage.
Djefatnebti hits the ice devil with a +0 dagger of draining!
The ice devil closely misses you. The red devil closely misses you.
The hellwing barely misses Djefatnebti.
The hellwing hits Djefatnebti!
You block the ice devil's attack.
The red devil hits you from afar with a +2 demon trident of freezing!
* * * LOW HITPOINT WARNING * * *
Barbed spikes become lodged in your body.
The red devil freezes you.
* * * LOW HITPOINT WARNING * * *
The ice devil hits Djefatnebti!
The ice devil freezes Djefatnebti!
Djefatnebti resists.
Djefatnebti hits the ice devil with a +0 dagger of draining!
You catch the helpless ice devil completely off-guard!
You stick the ice devil like a pincushion!!!
You kill the ice devil!
The hell hound bites Djefatnebti.
You puncture the ice devil!
The ice devil convulses.
You bite the ice devil. You drain its power.
You feel invigorated.
The ice devil is moderately wounded.
Djefatnebti hits the ice devil with a +0 dagger of draining!!
The ice devil hits you but does no damage.
You block the hellwing's attack.
The hellwing hits you but does no damage.
The red devil hits you from afar with a +2 trident of venom!
* * * LOW HITPOINT WARNING * * *
Barbed spikes become lodged in your body.
You are lethally poisoned!
The red devil hits you but does no damage.
The ice devil completely misses Djefatnebti.
Okay, then.
Okay, then.
Okay, then.
Blink to where?
Press: ? - help, Dir - move target
As you read the scroll of blinking, it crumbles to dust.
You die...

♣♣♣....♣ ♣♣..♣
♣♣♣††♣♣..♣♣♣ ♣♣....
♣♣♣..♣♣♣♣♣...♣♣ ♣♣♣...♣.
♣♣..♣♣♣ ♣♣...♣♣♣♣
♣♣♣♣..♣.♣♣♣ ♣♣...♣
♣♣♣....♣♣♣...♣♣♣..♣♣
♣....♣ ♣♣♣.......♣♣ ♣♣..♣
###''###### ♣♣♣P♣♣.♣♣
♣♣..
..........#########+♣♣♣♣♣
♣♣. .8....8...#.....@..#
♣..♣ ..........'...8.8..#
♣..♣♣
###########..8.#...# ♣.♣
♣ ........#...8.#..# ♣..
.....44.#..#.8...# ♣..
..._.h4R'..)#.8..# ♣.
.....4h§#..8.8...# ♣♣
≈≈≈§.h4.#........#
≈≈§≈§############


You could see the friendly Djefatnebti the hexer (idealised).

Vanquished Creatures
  A reaper (Gauntlet)
  Azrael (D:12)
  A minotaur (Gauntlet)
  A blizzard demon (Gauntlet)
  An entropy weaver (Gauntlet)
  3 hydras
  An ice dragon (Lair:4)
  3 two-headed ogres
  3 boulder beetles
  A death scarab (Gauntlet)
  3 death yaks (Lair:1)
  Urug (D:11)
  A sun demon (Lair:5)
  A wizard (Lair:5)
  Pikel (D:8)
  A wolf spider (Gauntlet)
  A shining eye (Gauntlet)
  2 cyclopes
  20 elephants
  2 salamanders (D:10)
  4 black mambas
  11 cane toads
  Psyche (D:11)
  10 komodo dragons
  A kobold demonologist (D:10)
  Maggie (D:8)
  2 rime drakes (Lair:5)
  2 ice devils (Lair:5)
  A hellwing (Gauntlet)
  5 trolls
  6 polar bears
  12 blink frogs
  A hornet (D:6)
  Grinder (D:3)
  A dream sheep (Lair:4)
  2 jumping spiders (Gauntlet)
  A vampire (D:10)
  31 yaks
  9 wyverns
  4 fire elementals (D:12)
  2 golden eyes (Gauntlet)
  A steam dragon (Lair:2)
  4 basilisks
  2 vampire mosquitoes (Lair:3)
  A spectral komodo dragon (Gauntlet)
  15 water moccasins
  Edmund (D:5)
  A hell hound (D:12)
  3 black bears
  6 orc warriors
  An ice beast (D:7)
  An ogre (D:5)
  21 wolves
  4 centaurs
  4 lemures (D:8)
  4 kobold brigands
  3 bullfrogs
  A gnoll sergeant (D:7)
  3 scorpions
  2 necrophages
  3 water moccasin zombies (Ossuary)
  4 wights
  9 killer bees
  5 howler monkeys
  3 jellies
  2 centaur zombies (Ossuary)
  An iron imp (D:6)
  7 hounds
  10 orc priests
  Terence (D:3)
  An iguana (D:7)
  17 orc wizards
  3 scorpion zombies (Ossuary)
  An ogre zombie (Ossuary)
  6 adders
  A gnoll (D:1)
  2 shadow imps
  4 white imps
  3 adder zombies (Ossuary)
  2 worms
  A dart slug (D:1)
  79 orcs
  3 ball pythons
  3 bats
  7 endoplasms
  3 giant cockroaches
  10 goblins
  10 hobgoblins
  5 jackals
  4 quokkas
  2 frilled lizards
  6 goblin zombies
  5 hobgoblin zombies (Ossuary)
  15 kobolds
  A kobold skeleton (D:6)
  3 orc skeletons (D:6)
  5 orc zombies
  4 rats
486 creatures vanquished.

Vanquished Creatures (collateral kills)
  Gastronok (D:11)
  Nessos (Lair:4)
  Snorg (D:11)
  A hydra (Lair:2)
  A two-headed ogre (D:9)
  A salamander mystic (D:10)
  2 elephants (Lair:4)
  A cane toad (Lair:5)
  A rime drake (Lair:5)
  2 unseen horrors
  A komodo dragon (Lair:2)
  2 trolls
  A hornet (D:9)
  A blink frog (Lair:2)
  8 yaks
  A vampire mosquito (Lair:3)
  4 water moccasins
  A floating eye (shapeshifter) (Lair:4)
  An orc warrior (D:10)
  A centaur (D:10)
  A wolf (Lair:2)
  A kobold brigand (D:8)
  An electric eel (D:10)
  3 orc priests (D:10)
  2 orc wizards
  8 orcs
  A kobold (D:8)
50 creatures vanquished.

Vanquished Creatures (others)
  A wolf (Lair:2)
  9 hexers
  10 fungi
  27 plants
47 creatures vanquished.

Grand Total: 583 creatures vanquished

Notes
Turn   | Place    | Note
-------+----------+-------------------------------------------
     0 | D:1      | mandarbmax the Vine Stalker Fighter began the quest for the
                  | Orb.
     0 | D:1      | Reached XP level 1. HP: 11/11 MP: 2/2
    94 | D:1      | Reached skill level 2 in Short Blades
    94 | D:1      | Reached XP level 2. HP: 16/16 MP: 3/3
   168 | D:1      | Found a faded altar of an unknown god.
   301 | D:1      | You fall into a shaft and drop 1 floor!
   499 | D:2      | Reached XP level 3. HP: 18/20 MP: 4/4
   520 | D:2      | Identified the ring "Ityplaim" {rF+ rC+}
  1531 | D:3      | Gained mutation: Your natural rate of healing is unusually
                  | fast. [Vine Stalker growth]
  1531 | D:3      | Reached XP level 4. HP: 24/24 MP: 5/5
  1735 | D:3      | Reached skill level 3 in Short Blades
  1757 | D:3      | Reached XP level 5. HP: 28/28 MP: 6/6
  1781 | D:3      | Found a blossoming altar of Fedhas.
  1786 | D:3      | Noticed Grinder
  1790 | D:3      | Paralysed by Grinder for 5 turns
  1806 | D:3      | Killed Grinder
  1807 | D:3      | Reached skill level 5 in Short Blades
  1807 | D:3      | Reached XP level 6. HP: 26/32 MP: 7/7
  1819 | D:3      | Noticed Terence
  1857 | D:3      | Killed Terence
  2247 | D:4      | Reached skill level 6 in Short Blades
  2247 | D:4      | Reached XP level 7. HP: 19/24 MP: 4/8
  2312 | D:4      | Found a sand-covered staircase.
  2320 | Ossuary  | Entered an ossuary
  2430 | Ossuary  | Reached skill level 7 in Short Blades
  2520 | Ossuary  | Gained mutation: You have razor-sharp teeth. [Vine Stalker
                  | growth]
  2520 | Ossuary  | Reached XP level 8. HP: 40/40 MP: 7/9
  2520 | Ossuary  | Noticed a silent spectre
  2750 | D:4      | Reached skill level 8 in Short Blades
  3330 | D:5      | Entered Level 5 of the Dungeon
  3407 | D:5      | Noticed Edmund
  3436 | D:5      | Killed Edmund
  3495 | D:5      | Reached skill level 9 in Short Blades
  3581 | D:5      | Identified the +4 whip "Jotzeha" {freeze, Int+4}
  3902 | D:5      | Reached skill level 10 in Short Blades
  3902 | D:5      | Reached XP level 9. HP: 44/44 MP: 10/10
  4165 | D:6      | Noticed a hornet
  4170 | D:6      | Paralysed by a hornet for 3 turns
  4172 | D:6      | Killed a hornet
  4204 | D:6      | Found a glowing golden altar of the Shining One.
  4241 | D:6      | Identified the +9 great sword of Ejyafy {vorpal, *Slow rN+
                  | rCorr}
  4256 | D:6      | Got the Monograph on Called Thermatology
  4423 | D:6      | Found a staircase to the Ecumenical Temple.
  4479 | Temple   | Entered the Ecumenical Temple
  4484 | Temple   | Became a worshipper of Hepliaklqana the Forgotten
  4666 | D:6      | Found a hide-covered altar of Uskayaw.
  4683 | D:6      | Reached skill level 11 in Short Blades
  4897 | D:7      | Found Sisa's Jewellery Shoppe.
  4933 | D:7      | Found Zarir's Antique Weapon Shop.
  5014 | D:7      | Found a burning altar of Makhleb.
  5192 | D:7      | Found Xiclap's Armour Shoppe.
  5209 | D:7      | Bought a +1 pair of gloves of infusion for 198 gold pieces
  5351 | D:7      | Found an opulent altar of Gozag.
  5439 | D:7      | Found Makuhaq's Weapon Boutique.
  5649 | D:7      | Reached skill level 12 in Short Blades
  5700 | D:7      | Reached * piety under Hepliaklqana
  5808 | D:8      | Noticed Maggie
  5831 | D:8      | Killed Maggie
  5832 | D:8      | Reached XP level 10. HP: 40/44 MP: 11/11
  6228 | D:8      | Reached skill level 13 in Short Blades
  6281 | D:8      | Noticed Pikel
  6296 | D:8      | Killed Pikel
  6531 | D:8      | Found a sacrificial altar of Ru.
  7121 | D:9      | Noticed a two-headed ogre
  7133 | D:9      | Killed a two-headed ogre
  7134 | D:9      | Reached skill level 14 in Short Blades
  7134 | D:9      | Reached skill level 1 in Dodging
  7256 | D:9      | Reached ** piety under Hepliaklqana
  7257 | D:9      | Remembered your ancestor Djefatnebti as a hexer
  7399 | D:9      | Paralysed by a hornet for 3 turns
  7735 | D:9      | Reached XP level 11. HP: 35/48 MP: 8/12
  7765 | D:9      | Reached skill level 5 in Fighting
  7860 | D:10     | Entered Level 10 of the Dungeon
  8183 | D:10     | Found a staircase to the Orcish Mines.
  8338 | D:10     | Noticed a salamander
  8345 | D:10     | Killed a salamander
  8346 | D:10     | Reached skill level 5 in Armour
  8350 | D:10     | Noticed a salamander
  8358 | D:10     | Noticed a salamander mystic
  8361 | D:10     | Killed a salamander
  8362 | D:10     | Reached skill level 1 in Stealth
  8362 | D:10     | Reached skill level 1 in Invocations
  8371 | D:10     | Killed a salamander mystic
  8409 | D:10     | Found the +3 salamander hide armour {Flames rF++ rC--}
  8510 | D:10     | Reached *** piety under Hepliaklqana
  8715 | D:10     | Found a staircase to the Lair.
  9023 | D:10     | Found an ancient bone altar of Kikubaaqudgha.
  9127 | D:10     | Reached skill level 5 in Stealth
  9241 | D:11     | Noticed Snorg
  9241 | D:11     | Noticed a cyclops
  9248 | D:11     | Killed Snorg
  9254 | D:11     | Killed a cyclops
  9255 | D:11     | Reached skill level 5 in Invocations
  9330 | D:11     | Noticed Urug
  9331 | D:11     | Noticed Psyche
  9341 | D:11     | Killed Urug
  9342 | D:11     | Reached XP level 12. HP: 49/54 MP: 8/16
  9346 | D:11     | Killed Psyche
  9447 | D:11     | Found Curpheas's Antique Armour Shoppe.
  9457 | D:11     | Bought a pitted helmet for 304 gold pieces
  9457 | D:11     | Identified the +0 helmet of the Endless Invaders {rElec
                  | Dex+4} (You bought it in a shop on level 11 of the Dungeon)
  9468 | D:11     | Bought a glowing scarf for 256 gold pieces
  9543 | D:11     | Noticed a two-headed ogre
  9553 | D:11     | Killed a two-headed ogre
  9554 | D:11     | Reached skill level 1 in Evocations
  9799 | D:11     | Noticed Gastronok
  9814 | D:11     | Killed Gastronok
 10060 | D:12     | Noticed Azrael
 10081 | D:12     | Killed Azrael
 10150 | D:12     | Noticed a two-headed ogre
 10158 | D:12     | Killed a two-headed ogre
 10248 | D:12     | Noticed a two-headed ogre
 10255 | D:12     | Killed a two-headed ogre
 10325 | D:12     | Reached skill level 5 in Evocations
 10668 | D:12     | Found a portal to a secret trove of treasure.
 10723 | D:12     | Identified the +2 pair of boots "Papaymp" {Will+ Slay+3}
 10878 | Lair:1   | Entered Level 1 of the Lair of Beasts
 10937 | Lair:1   | Reached **** piety under Hepliaklqana
 10986 | Lair:1   | Noticed a boulder beetle
 11143 | Lair:1   | Noticed a death yak
 11144 | Lair:1   | Noticed a death yak
 11145 | Lair:1   | Noticed a death yak
 11163 | Lair:1   | Killed a death yak
 11171 | Lair:1   | Killed a death yak
 11178 | Lair:1   | Killed a death yak
 11179 | Lair:1   | Reached XP level 13. HP: 56/56 MP: 15/17
 11667 | Lair:2   | Found a hole to the Spider Nest.
 12088 | Lair:2   | Reached skill level 5 in Dodging
 12777 | Lair:3   | Reached ***** piety under Hepliaklqana
 12899 | Lair:3   | Found a gate leading to a gauntlet.
 12944 | Gauntlet | Entered a Gauntlet
 12944 | Gauntlet | Found a transporter.
 12953 | Gauntlet | Found a transporter.
 12956 | Gauntlet | Found a transporter.
 12957 | Gauntlet | Found a transporter.
 12963 | Gauntlet | Found a runed translucent gate.
 12963 | Gauntlet | Found a runed translucent gate.
 12963 | Gauntlet | Found a runed translucent gate.
 12965 | Gauntlet | Found a transporter.
 12968 | Gauntlet | Found a transporter.
 12969 | Gauntlet | Found a transporter.
 12981 | Gauntlet | Found a transporter.
 12982 | Gauntlet | Found a transporter.
 12986 | Gauntlet | Found a transporter.
 12987 | Gauntlet | Noticed a blizzard demon
 12988 | Gauntlet | Noticed a reaper
 12990 | Gauntlet | Found a transporter.
 12993 | Gauntlet | Found a transporter.
 12994 | Gauntlet | Found a transporter.
 12998 | Gauntlet | Noticed an entropy weaver
 13002 | Gauntlet | Found a transporter.
 13154 | Gauntlet | Killed a blizzard demon
 13192 | Gauntlet | Killed a reaper
 13272 | Gauntlet | Killed an entropy weaver
 13323 | Gauntlet | Identified the ring of Amorality {Contam Fly rPois rN+++
                  | Stlth+}
 13359 | Gauntlet | Noticed a minotaur
 13382 | Gauntlet | Killed a minotaur
 13383 | Gauntlet | Reached XP level 14. HP: 24/65 MP: 3/18
 13612 | Lair:3   | Found a staircase to the Swamp.
 14512 | Lair:4   | Noticed Nessos
 14542 | Lair:4   | Killed Nessos
 14982 | Lair:4   | Identified the +8 rapier of the Decaying God {chaos, *Noise
                  | rElec rF+}
 15500 | Lair:5   | Entered Level 5 of the Lair of Beasts
 15549 | Lair:5   | Found a runed translucent gate.
 15721 | Lair:5   | Reached skill level 10 in Evocations
 15915 | Lair:5   | Found a staircase to the Slime Pits.
 16291 | Lair:5   | Reached ****** piety under Hepliaklqana
 16526 | Lair:5   | Found a runed translucent gate.
 16526 | Lair:5   | Found a runed translucent gate.
 16526 | Lair:5   | Noticed garrulousMonolith's ghost (journeyman GrEE)
 16652 | Lair:5   | Reached XP level 15. HP: 71/71 MP: 10/19
 16738 | Lair:5   | Found a burning altar of Makhleb.
 16755 | Lair:5   | HP: 1/61 [red devil/+2 trident of venom (9)]
 16756 | Lair:5   | Succumbed to a red devil's poison

Illustrated notes

Levels and vault maps discovered:
D:1:      psy_arrival_conway, layout_basic, hellmonk_ecumenical_altar_lost_god,
          grunt_decor_resistance
D:2:      layout_loops_corners, grunt_ministairs_8, minmay_crystal_room
D:3:      layout_basic, mainiacjoe_overflow_tiny_flanked, uniq_terence,
          uniq_grinder
D:4:      layout_loops_corners, nicolae_ossuary_entry_plus
D:5:      layout_rooms, uniq_edmund
D:6:      layout_loops_ring, eat_drink_and_be_merry_uskayaw,
          nicolae_tso_besieged_by_evil, minmay_temple_entry_trees
D:7:      kennysheep_six_static_rooms, layout_rooms, mainiacjoe_overflow_paths,
          kennysheep_little_box, serial_glass, glass_columns_a, glass_columns_a,
          serial_shops, nicolae_shop_bloodbath_and_beyond,
          nicolae_inconvenience_store, nicolae_diamond_shop, shop,
          serial_bayou_pond_a
D:8:      layout_cave_pools, nicolae_ru_path_of_blood, special_room
          [special_room_orc], serial_co_window_serial, co_window_corner_a,
          co_window_corner_a, co_window_corner_a, co_window_paths_b,
          co_window_paths_b, co_window_of_opportunity_c, co_window_corner_b,
          co_window_paths_c, co_window_4corner_a, glass_columns_b, uniq_maggie,
          uniq_pikel
D:9:      layout_irregular_city
D:10:     layout_layer_cave, general_overflow_altar, david_lair_generic,
          erik_orc_2, hellmonk_guarded_unrand_salamander
D:11:     layout_loops_ring, serial_shops, shop_fountains, hangedman_decor_push,
          minmay_misc_feat_secret_circle, minmay_misc_feat_ornament,
          uniq_psyche, uniq_snorg, uniq_urug, uniq_gastronok
D:12:     layout_roguey, nicolae_trove_entry_diagonal, minmay_misc_feat_tiny,
          ebering_dispersal_statue_hall, kennysheep_doodads, uniq_azrael
Temple:   minmay_freezing_vapour_temple
Lair:1:   layout_misc_corridors, guppyfry_lair_drakes
Lair:2:   layout_cave_pods, spider_nest_entry_web_field, grunt_megastairs_1
Lair:3:   layout_cave_pods, minmay_swamp_entry_swarm, gauntlet_entry_generic,
          minmay_hedge_maze, lemuel_fruit_tree
Lair:4:   layout_concentric_octagons, st_stairs_12, bobbens_ice_dragon_lair,
          uniq_nessos
Lair:5:   evil_forest, layout_layer_cave, slime_entry_1,
          gammafunk_ghost_necromancy, nicolae_lair_lil_pond, minivault_11

Skill      XL: |  1  2  3  4  5  6  7  8  9 10 11 12 13 14 |
---------------+-------------------------------------------+-----
Short Blades   | 2 3 5 6 7 10 12 14 | 14.0
Fighting       | 3 4 5 8 9 |  9.0
Shields        | 3 |  3.0
Armour         | 3 6 8 9 |  9.3
Dodging        | 3 7 9 |  9.3
Stealth        | 5 |  5.0
Invocations    | 5 |  5.0
Evocations     | 7 8 10 | 10.0

Action                   |  1- 3 |  4- 6 |  7- 9 | 10-12 | 13-15 || total
-------------------------+-------+-------+-------+-------+-------++-------
Melee: Rapier            |    87 |   135 |   323 |   176 |   632 ||  1353
       Bite              |    25 |    48 |   192 |   271 |   272 ||   808
       Dagger            |       |       |   203 |   489 |       ||   692
Throw: Boomerang         |       |     2 |     6 |    23 |    13 ||    44
       Javelin           |       |       |       |     3 |       ||     3
       Dart              |       |       |       |    17 |       ||    17
Invok: Ancestor Life: He |       |       |       |     1 |       ||     1
       Transference      |       |       |       |     1 |       ||     1
       Idealise          |       |       |       |       |     1 ||     1
 Abil: Evoke Invisibilit |       |       |       |       |     1 ||     1
Evoke: Box of beasts     |       |       |       |       |     2 ||     2
       Wand              |       |       |       |       |     1 ||     1
  Use: Potion            |       |     6 |     2 |     1 |     1 ||    10
       Scroll            |       |     5 |     9 |     6 |    11 ||    31
 Stab: Distracted        |       |       |       |     4 |    12 ||    16
       Invisible         |       |       |       |     2 |     3 ||     5
       Confused          |       |       |       |     2 |    21 ||    23
Armor: Scale mail        |    38 |    42 |       |       |       ||    80
       Chain mail        |       |    28 |   275 |   261 |   268 ||   832
Dodge: Dodged            |    28 |    57 |   136 |   122 |   215 ||   558
Block: Buckler           |    20 |    27 |    94 |    79 |   112 ||   332

Table legend: (Time is in decaauts)
 A = Elapsed time spent in this place.
 B = Non-inter-level travel time spent in this place.
 C = Inter-level travel time spent in this place.
 D = Time resting spent in this place.
 E = Time spent auto-exploring this place.
 F = Levels seen in this place.
 G = Mean time per level.
                   A        B        C        D        E       F      G
               +--------+--------+--------+--------+--------+-----+--------+
         Total |  16064 |  15503 |    561 |    146 |  11979 |  20 |  803.2 |
       Dungeon |  10252 |   9859 |    393 |     60 |   7852 |  12 |  854.3 |
        Temple |     10 |      5 |      5 |      0 |      0 |   1 |   10.0 |
          Lair |   4982 |   4820 |    162 |     52 |   3800 |   5 |  996.4 |
       Ossuary |    247 |    247 |      0 |      0 |     25 |   1 |  247.0 |
      Gauntlet |    571 |    571 |      0 |     34 |    302 |   1 |  571.0 |
               +--------+--------+--------+--------+--------+-----+--------+

Top non-repeatable levels by time:
    D:10: 1343 daAuts
     D:8: 1174 daAuts
  Lair:5: 1158 daAuts
  Lair:4: 1105 daAuts
  Lair:3: 1013 daAuts
  Lair:2: 971 daAuts
     D:7: 868 daAuts
     D:2: 863 daAuts
     D:4: 861 daAuts
     D:6: 790 daAuts
    D:11: 778 daAuts
     D:9: 772 daAuts
    D:12: 753 daAuts
  Lair:1: 733 daAuts
     D:5: 698 daAuts
